 Dungeon Crawl Stone Soup version 0.32-a0-391-gce5c0aab1b (webtiles) character file.

Game seed: 10277560614069730213

41 Bravepunisher the Changeling (level 3, -14/18 HPs)
             Began as a Spriggan Shapeshifter on Feb 19, 2024.
             Demolished by an ogre
             ... wielding a +0 giant club
              (24 damage)
             ... on level 5 of the Dungeon.
             The game lasted 00:04:32 (850 turns).

Bravepunisher the Changeling (Spriggan Shapeshifter) Turns: 850, Time: 00:04:33

Health: -14/18     AC:  2    Str: 12    XL:     3   Next: 32%
Magic:  4/4        EV: 17    Int: 11    God:
Gold:   42         SH:  0    Dex: 14    Spells: 2/2 levels left

rFire   . .          .
                       - Unarmed
rCold   . . .        (no shield)
rNeg    . . .        a - +0 animal skin
rPois   .            (helmet currently unavailable)
rElec   .            (cloak currently unavailable)
rCorr   .            (gloves unavailable)
SInv    +            (boots unavailable)
Will    .....        (no amulet)
Stlth   +            (no ring)
HPRegen 0.23/turn    (no ring)
MPRegen 0.09/turn

%: no passive effects
@: on fire, beast-form, glowing, very quick
A: beast (slay +2), very small, no large weapons, unfitting armour, see
invisible, speed 3
a: Begin Untransformation


You were on level 5 of the Dungeon.
You were a hulking beast.
You visited 1 branch of the dungeon, and saw 6 of its levels.

You collected 42 gold pieces.

Inventory:

Armour
 a - a +0 animal skin (worn)
Talismans
 c - a beast talisman (active)
 d - a flux talisman
 f - a blade talisman
Potions
 b - a potion of lignification


   Skills:
 * Level 2.0 Fighting
 + Level 3.4 Dodging
 - Level 2.4 Unarmed Combat
 + Level 4.4 Shapeshifting


You had 2 spell levels left.
You didn't know any spells.
Your spell library was empty.

Dungeon Overview and Level Annotations

Branches:
Dungeon (6/15)
 Temple: D:4-7

Altars:

Annotations:
D:4 Grinder
D:6 Sigmund


Innate Abilities, Weirdness & Mutations

You are a hulking beast.
Your limbs bulge with bestial killing power. (Slay +2)
You are very small and have problems with some larger weapons.
You are too small for most types of armour.
You have supernaturally acute eyesight. (SInv)
You cover ground extremely quickly. (Speed+++)


Message History

The bombardier beetle is moderately wounded.
You barely miss the bombardier beetle.
The bombardier beetle is moderately wounded.
The bombardier beetle sprays incendiary fluid at you.
The burning spray hits you.
You are covered in liquid fire!
You hit the bombardier beetle but do no damage.
The bombardier beetle is moderately wounded.
The liquid fire burns you!
Unknown command.
You shake off some of the fire as you move.
The liquid fire burns you!
The bombardier beetle sprays incendiary fluid at you.
The burning spray hits you.
You are even more covered in liquid fire!
You shake off some of the fire as you move.
The liquid fire burns you! The phantom misses you.
Unknown command.
You shake off some of the fire as you move.
The liquid fire burns you!
You hit the bombardier beetle.
The bombardier beetle is heavily wounded.
The liquid fire burns you!
The bombardier beetle closely misses you.
Unknown command.
You hit the phantom.
The phantom is lightly damaged.
The liquid fire burns you!
* * * LOW HITPOINT WARNING * * *
The phantom closely misses you.
It was a potion of curing.
You feel better. The liquid fire burns you! The phantom barely misses you.
The bombardier beetle bites you.
You feel better. The liquid fire burns you! The phantom hits you.
The phantom blinks!
You blink.
The ogre hits you with a +0 giant club!!
Ouch! That really hurt!
You die...

#.# ...# #.#
..... ## #.#
#.#. . #.# ..
#.#.#
##.#.###.#..
#......W...#
#.####.###.#.#
#).....Oh.# .#
######.##W# .
#. #l# .#. #.
#§##..... #.
#§B...... #.
####..... #.
.... !.. ..


You could see an ogre, a phantom, a bombardier beetle and an iguana.

Vanquished Creatures
  An orc priest (D:5)
  A giant cockroach (D:4)
  A goblin (D:1)
  2 hobgoblins (D:4)
  A quokka (D:5)
6 creatures vanquished.

Notes
Turn   | Place    | Note
-------+----------+-------------------------------------------
     0 | D:1      | Bravepunisher the Spriggan Shapeshifter began the quest for
                  | the Orb.
     0 | D:1      | Reached XP level 1. HP: 9/9 MP: 2/2
   214 | D:5      | Entered Level 5 of the Dungeon
   254 | D:4      | Reached skill level 1 in Fighting
   289 | D:4      | Noticed a jelly
   315 | D:4      | Noticed Grinder
   524 | D:4      | Reached XP level 2. HP: 14/14 MP: 3/3
   557 | D:4      | Paralysed by Grinder for 2 turns
   699 | D:5      | Reached XP level 3. HP: 18/18 MP: 4/4
   747 | D:6      | Noticed Sigmund
   772 | D:6      | Noticed a phantom
   796 | D:6      | Noticed a water moccasin
   800 | D:6      | Noticed a centaur
   805 | D:6      | Noticed an ogre
   835 | D:5      | Noticed a phantom
   850 | D:5      | Demolished by an ogre

Illustrated notes

Levels and vault maps discovered:
D:1:      dpeg_arrival_short_road, layout_basic, serial_corexii_hall,
          corexii_hall_statues_u, corexii_hall_statues_x
D:2:      layout_basic, hangedman_decor_clover_reticule
D:3:      layout_rooms, grunt_temple_overflow_open,
          nicolae_overflow_guarded_unrand_okawaru_victory,
          gammafunk_ghost_nasty_kobolds, chequers_arboretum,
          minmay_misc_feat_secret_circle
D:4:      layout_basic, grunt_gozag_breadcrumbs, minmay_misc_feat_rows,
          serial_park_tiny_1, grunt_decor_clamped, minmay_misc_feat_square,
          uniq_crazy_yiuf_cottage, uniq_grinder, uniq_natasha
D:5:      layout_basic, serial_rivers, chequers_serial_rivers_small_b,
          chequers_serial_rivers_micro_c, chequers_serial_rivers_room_b,
          chequers_serial_rivers_micro_e, chequers_serial_rivers_small_a,
          chequers_serial_rivers_room_b, minmay_fractal_squares_5
D:6:      layout_gridville, overflow_temple_1_default,
          nicolae_tso_besieged_by_evil, uniq_eustachio, uniq_sigmund

Skill      XL: |  1  2  3 |
---------------+----------+-----
Fighting       | 1 2 |  2.0
Dodging        | 3 |  3.4
Unarmed Combat | |  2.4
Shapeshifting  | |  4.4

Action                     || total
---------------------------++-------
  Melee: Unarmed           ||    28
         Punch             ||     1
    Use: Potion            ||     2
   Stab: Distracted        ||     1
 Armour: Animal skin       ||    16
  Dodge: Dodged            ||    35

Table legend: (Time is in decaauts)
 A = Elapsed time spent in this place.
 B = Non-inter-level travel time spent in this place.
 C = Inter-level travel time spent in this place.
 D = Time resting spent in this place.
 E = Time spent auto-exploring this place.
 F = Levels seen in this place.
 G = Mean time per level.
                   A        B        C        D        E       F      G
               +--------+--------+--------+--------+--------+-----+--------+
         Total |    549 |    537 |     12 |      0 |    120 |   6 |   91.5 |
       Dungeon |    549 |    537 |     12 |      0 |    120 |   6 |   91.5 |
               +--------+--------+--------+--------+--------+-----+--------+

Top non-repeatable levels by time:
     D:4: 225 daAuts
     D:5: 159 daAuts
     D:2: 79 daAuts
     D:6: 40 daAuts
     D:1: 26 daAuts
     D:3: 19 daAuts
